 Dungeon Crawl Stone Soup version 0.23-a0-378-gd7a6ca6 (webtiles) character file.

295 smcx the Vandal (level 6, -2/43 HPs)
             Began as a Halfling Hunter on Oct 27, 2018.
             Slain by a kobold
             ... wielding a +0 short sword
              (4 damage)
             ... on level 3 of the Dungeon.
             The game lasted 00:11:18 (3331 turns).

smcx the Vandal (Halfling Hunter)                   Turns: 3331, Time: 00:11:18

Health: -2/43      AC:  3    Str: 13    XL:     6   Next: 61%
Magic:  6/6        EV: 16    Int:  9    God:
Gold:   106        SH:  0    Dex: 17    Spells: 5/5 levels left

rFire    . . .     SeeInvis .   a - +1 hunting sling
rCold    . . .     Gourm    .   (shield restricted)
rNeg     . . .     Faith    .   n - +0 leather armour (curse)
rPois    .         Spirit   .   (no helmet)
rElec    .         Reflect  .   (no cloak)
rCorr    .         Harm     .   (no gloves)
MR       .....                  (no boots)
Stlth    ++........             (no amulet)
HPRegen  0.14/turn              (no ring)
MPRegen  0.10/turn              (no ring)

@: no status effects
A: small, mutation resistance 1
a: no special abilities


You were on level 3 of the Dungeon.
You were not hungry.

You visited 1 branch of the dungeon, and saw 3 of its levels.

You collected 106 gold pieces.

Inventory:

Hand Weapons
 a - a +1 hunting sling (weapon)
 b - a +0 short sword
Missiles
 e - 16 arrows
 k - 37 bolts
 l - 124 stones (quivered)
Armour
 c - a +0 leather armour
 n - a cursed +0 leather armour (worn)
Jewellery
 u - an uncursed amulet of the gourmand {unknown}
Wands
 t - a wand of paralysis (11)
Scrolls
 g - 3 scrolls of teleportation {unknown}
 h - 2 scrolls of identify {unknown}
 j - a scroll of amnesia {unknown}
 o - 2 scrolls of fear
 q - a scroll of magic mapping {unknown}
 r - a scroll of blinking {unknown}
 s - 2 scrolls of enchant weapon {unknown}
 w - a scroll of remove curse {unknown}
 x - 2 scrolls of immolation {unknown}
 y - 2 scrolls of noise {unknown}
Potions
 d - a potion of magic {unknown}
 i - a potion of might {unknown}
 m - 2 potions of cancellation {unknown}
 p - a potion of brilliance {unknown}
 z - 2 potions of lignification {unknown}
 A - 2 potions of curing {unknown}
Comestibles
 f - 4 rations
 v - 3 chunks of flesh


   Skills:
 + Level 3.6 Fighting
 + Level 7.7 Slings
 + Level 4.4 Dodging
 - Level 1.1 Stealth


You had 5 spell levels left.
You didn't know any spells.
Your spell library was empty.

Dungeon Overview and Level Annotations

Branches:
Dungeon (3/15)

Altars:
Qazlal
Uskayaw
Xom
Yredelemnul


Innate Abilities, Weirdness & Mutations

You are small and have problems with some larger weapons.
You are somewhat resistant to further mutation.


Message History

You cannot shoot with your hunting sling while held in a net.
You cannot shoot with your hunting sling while held in a net.
You cannot shoot with your hunting sling while held in a net.
You struggle against the net.
The goblin hits you but does no damage.
The gnoll hits you from afar with a +1 spear of pain.
* * * LOW HITPOINT WARNING * * *
The gnoll shaman barely misses you.
You struggle against the net.
The gnoll hits you from afar with a +1 spear of pain.
* * * LOW HITPOINT WARNING * * *
The goblin hits you but does no damage.
The gnoll shaman hits you with a +0 club.
* * * LOW HITPOINT WARNING * * *
The gnoll hits you but does no damage.
You rip the net and break free!
The goblin barely misses you. The gnoll misses you.
The gnoll shaman misses you. The gnoll barely misses you.
The gnoll closely misses you.
There is a stone staircase leading down here.
The kobold hits you with a +0 short sword.
You die...

...#.....#......##
.................##
...(..............#
)...(.............#
..................#
##................#
##................#
##...........ggg..#
............gg.K@##
.........##.....##
...###.##########
...###.#######
...##........#
.............#
##.##........#
.[...........#
##.##........#


You could see a gnoll shaman, 3 gnolls, a goblin and a kobold.

Vanquished Creatures
  A bullfrog (D:2)
  Jessica (D:2)
  An iguana (D:3)
  Natasha (thrice) (D:1)
  4 adders
  An ooze (D:3)
  2 dart slugs
  A leopard gecko (D:1)
  An orc (D:3)
  2 ball pythons
  5 giant cockroaches
  4 goblins
  6 hobgoblins
  4 jackals
  2 quokkas
  3 bats
  4 frilled lizards
  7 kobolds
  8 rats
60 creatures vanquished.

Notes
Turn   | Place    | Note
-------+----------+-------------------------------------------
     0 | D:1      | smcx the Halfling Hunter began the quest for the Orb.
     0 | D:1      | Reached XP level 1. HP: 14/14 MP: 1/1
   100 | D:1      | Reached skill level 6 in Slings
   102 | D:1      | Reached XP level 2. HP: 19/19 MP: 2/2
   741 | D:1      | Reached XP level 3. HP: 24/24 MP: 3/3
  1188 | D:2      | Noticed Jessica
  1192 | D:2      | Killed Jessica
  1192 | D:2      | Reached XP level 4. HP: 30/30 MP: 4/4
  1295 | D:2      | Noticed Natasha
  1317 | D:1      | Killed Natasha
  1955 | D:1      | Noticed Natasha
  1961 | D:1      | Killed Natasha
  1961 | D:1      | Reached XP level 5. HP: 24/36 MP: 5/5
  1969 | D:1      | Noticed Natasha
  1975 | D:1      | Killed Natasha
  1975 | D:1      | Reached skill level 7 in Slings
  2132 | D:2      | Found a stormy altar of Qazlal.
  2331 | D:2      | Found a basalt altar of Yredelemnul.
  2854 | D:3      | Noticed a bullfrog
  2885 | D:2      | Killed a bullfrog
  2885 | D:2      | Reached XP level 6. HP: 13/42 MP: 6/6
  3145 | D:3      | Found a hide-covered altar of Uskayaw.
  3188 | D:3      | Found a shimmering altar of Xom.
  3322 | D:3      | HP: 1/43 [gnoll shaman/+0 club (6)]
  3331 | D:3      | Slain by a kobold

Vault maps used:
D:1:      nicolae_arrival_memento_mori
D:2:      lemuel_round_altar, nicolae_qazlal_general_emergency, first_ration,
          serial_bayou_pond_c, uniq_natasha, uniq_jessica
D:3:      old_standard_altar, lemuel_doored_altar, marbit_many_paths

Skill      XL: |  1  2  3  4  5 |
---------------+----------------+-----
Slings         | 6 7 |  7.7
Fighting       | 2 3 |  3.6
Dodging        | 3 4 |  4.4
Stealth        | |  1.1

Action                   |  1- 3 |  4- 6 || total
-------------------------+-------+-------++-------
 Fire: Hunting sling     |    52 |   157 ||   209
  Use: Scroll            |     1 |       ||     1
  Eat: Chunk             |     1 |     3 ||     4
       Ration            |       |     1 ||     1
Armor: Leather armour    |     1 |     7 ||     8
Dodge: Dodged            |     4 |    62 ||    66

Table legend:
 A = Non-vault XP
 B = Vault XP
 C = Vault XP percentage of total XP
 D = Non-vault monster count
 E = Vault monster count
 F = Vault count percentage of total count
                 A         B        C        D         E       F
            +---------+---------+-------+---------+---------+-------
      Total |     350 |      72 |  17.1 |      58 |       2 |   3.3
            +---------+---------+-------+---------+---------+-------
        D:1 |     112 |      35 |  23.8 |      25 |       1 |   3.8
        D:2 |     153 |      37 |  19.5 |      20 |       1 |   4.8
        D:3 |      85 |       0 |   0.0 |      13 |       0 |   0.0
            +---------+---------+-------+---------+---------+-------
